 Dungeon Sprint DCSS version 0.21-a0-47-g7c8f537 (webtiles) character file.

130 Kidiri the Ruffian (level 4, -12/48 HPs)
             Began as a Troll Monk on June 8, 2017.
             Was an Elder of Wu Jian.
             Mangled by Prince Ribbit (20 damage)
             ... in the Dungeon (Sprint VII: "The Pits").
             The game lasted 00:02:06 (207 turns).

Kidiri the Ruffian (Troll Monk)                      Turns: 207, Time: 00:02:06

Health: -12/48     AC:  5    Str: 19    XL:     4   Next: 90%
Magic:  3/3        EV: 12    Int:  6    God:    Wu Jian [****..]
Gold:   0          SH:  0    Dex: 13    Spells: 3/3 levels left

rFire    . . .     SeeInvis .     - Unarmed
rCold    . . .     Gourm    +   (no shield)
rNeg     . . .     Faith    .   a - +0 robe
rPois    .         Spirit   .   (helmet restricted)
rElec    .         Reflect  .   (no cloak)
rCorr    .         Harm     .   (gloves unavailable)
MR       .....     NoTele   +   (boots unavailable)
Stlth    ++........             (no amulet)
Regen    0.6/turn               (no ring)
MPRegen  0.1/turn               (no ring)

@: exhausted
A: unfitting armour, claws 3, fast metabolism 3, gourmand, regeneration 1,
shaggy fur 1, tough skin 2
a: Serpent's Lash, Renounce Religion


You were in the Dungeon.
You worshipped Wu Jian.
Wu Jian was greatly pleased with you.
You were not hungry.

You visited 1 branch

Inventory:

Armour
 a - a +0 robe (worn)
Scrolls
 h - a scroll of blinking
 j - 3 scrolls of remove curse
 k - 5 scrolls of amnesia
 l - a scroll of summoning
Potions
 c - 6 potions of curing
 d - 6 potions of heal wounds
 e - a potion of haste
 f - 4 potions of magic
 g - 3 potions of berserk rage
 i - 2 potions of invisibility
Comestibles
 b - 9 bread rations
 m - 40 fruits
 n - 7 meat rations
 o - 6 chunks of flesh


   Skills:
 + Level 3.8 Fighting
 + Level 2.5 Armour
 * Level 4.6 Dodging
 * Level 3.1 Stealth
 * Level 5.8 Unarmed Combat


You had 3 spell levels left.
You didn't know any spells.

Dungeon Overview and Level Annotations

Branches:
Dungeon (1/1)

Altars:
Ashenzari
Cheibriados
Dithmenos
Elyvilon
Fedhas
Gozag
Hepliaklqana
Kikubaaqudgha
Makhleb
Nemelex Xobeh
Okawaru
Qazlal
Ru
Sif Muna
Trog
Uskayaw
Vehumet
Wu Jian
Xom
Yredelemnul
Zin
The Shining One
Beogh
Jiyva
Lugonu

Annotations:
D Prince Ribbit


Innate Abilities, Weirdness & Mutations

You are too large for most types of armour.
You have claws for hands.
Your metabolism is lightning-fast.
You like to eat raw meat.
Your natural rate of healing is unusually fast.
You are covered in fur. (AC +1)
You have very tough skin. (AC +2)


Message History

You repeatedly attack Prince Ribbit from above.
You miss Prince Ribbit.
Prince Ribbit is heavily wounded.
You miss Prince Ribbit.
Prince Ribbit is heavily wounded.
You repeatedly attack the orc from above.
You closely miss the orc. x2; You attack the orc priest from above.
You claw the orc priest!
The orc priest is heavily wounded.
You attack the orc wizard from above.
You scratch the orc wizard but do no damage.
The orc is distracted by your jump.
The orc shouts!
The orc wizard gestures at you while chanting.
The magic dart hits you!
The orc priest calls down the wrath of Beogh upon you.
Beogh smites you!
* * * LOW HITPOINT WARNING * * *
Prince Ribbit hits you!!
You die...

#.#.)...#[[##.......#
#.#.....#+###...<...#
#.#........##.......#
#.#........##.......#
#'###########.......#
#.......# #########
#.###...# #÷#.F§o.#
#.#.o@# #.§†o§#
#..§###.# #......S+
#########


You could see Prince Ribbit, an orc priest, an orc wizard and an orc.

Vanquished Creatures
  An ogre (D)
  Jessica (D)
  A river rat (D)
  2 leopard geckos (D)
  An orc (D)
  A bat (D)
  A bat skeleton (D)
  A goblin (D)
  A frilled lizard (D)
  A giant cockroach zombie (D)
  A kobold (D)
12 creatures vanquished.

Notes
Turn   | Place    | Note
-------+----------+-------------------------------------------
     0 | D        | Kidiri the Troll Monk began the quest for the Orb.
     0 | D        | Reached XP level 1. HP: 22/22 MP: 0/0
    19 | D        | Found a bloodstained altar of Trog.
    19 | D        | Found a deep blue altar of Sif Muna.
    19 | D        | Found a viscous altar of Jiyva.
    19 | D        | Found a hazy altar of Hepliaklqana.
    19 | D        | Found an opulent altar of Gozag.
    20 | D        | Found a glowing golden altar of the Shining One.
    20 | D        | Found a glowing silver altar of Zin.
    20 | D        | Found a basalt altar of Yredelemnul.
    20 | D        | Found a shimmering altar of Xom.
    20 | D        | Found an ornate altar of the Wu Jian Council.
    20 | D        | Found a sacrificial altar of Ru.
    20 | D        | Found a stormy altar of Qazlal.
    20 | D        | Found an iron altar of Okawaru.
    20 | D        | Found a sparkling altar of Nemelex Xobeh.
    20 | D        | Found a burning altar of Makhleb.
    20 | D        | Found a blossoming altar of Fedhas.
    20 | D        | Found a white marble altar of Elyvilon.
    20 | D        | Found a shadowy altar of Dithmenos.
    20 | D        | Found a snail-covered altar of Cheibriados.
    22 | D        | Found a radiant altar of Vehumet.
    22 | D        | Found a corrupted altar of Lugonu.
    22 | D        | Found a roughly hewn altar of Beogh.
    23 | D        | Found a hide-covered altar of Uskayaw.
    23 | D        | Found an ancient bone altar of Kikubaaqudgha.
    23 | D        | Found a shattered altar of Ashenzari.
    29 | D        | Became a worshipper of the Wu Jian Council
    29 | D        | Reached * piety under Wu Jian
    29 | D        | Reached ** piety under Wu Jian
    83 | D        | Reached *** piety under Wu Jian
    91 | D        | Noticed Jessica
    94 | D        | Reached skill level 1 in Armour
    94 | D        | Reached XP level 2. HP: 29/29 MP: 1/1
    97 | D        | Killed Jessica
    97 | D        | Reached skill level 4 in Unarmed Combat
    97 | D        | Reached XP level 3. HP: 31/37 MP: 2/2
   110 | D        | Reached **** piety under Wu Jian
   196 | D        | Noticed an ogre
   197 | D        | Noticed Prince Ribbit
   199 | D        | Killed an ogre
   199 | D        | Reached skill level 5 in Unarmed Combat
   199 | D        | Reached XP level 4. HP: 48/48 MP: 3/3
   207 | D        | Mangled by Prince Ribbit

Vault maps used:
D:        pitsprint

Skill      XL: |  1  2  3 |
---------------+----------+-----
Armour         | 1 2 |  2.5
Fighting       | 3 |  3.8
Dodging        | 3 4 |  4.6
Stealth        | 2 3 |  3.1
Unarmed Combat | 4 5 |  5.8

Action                   |  1- 3 |  4- 6 || total
-------------------------+-------+-------++-------
Melee: Unarmed           |    35 |    18 ||    53
Invok: Serpent's Lash    |     1 |       ||     1
 Stab: Sleeping          |     1 |       ||     1
Armor: Robe              |    18 |       ||    18
Dodge: Dodged            |    11 |     4 ||    15
